 Dungeon Crawl Stone Soup version 0.30.1-4-g462c640d31 (webtiles) character file.

Game seed: 5449805002548499421

123 ChiefBigBeans the Conjurer (level 4, -2/24 HPs)
             Began as a Deep Elf Conjurer on Sept 12, 2023.
             Slain by a goblin
             ... wielding a +0 club
             ... led by Robin
              (3 damage)
             ... on level 3 of the Dungeon.
             The game lasted 00:03:58 (2742 turns).

ChiefBigBeans the Conjurer (Deep Elf Conjurer)      Turns: 2742, Time: 00:03:58

Health: -2/24      AC:  5    Str:  4    XL:     4   Next: 79%
Magic:  12/12      EV: 12    Int: 25    God:
Gold:   114        SH:  3    Dex: 13    Spells: 7/11 levels left

rFire   . . .        h - +1 falchion (spect)
rCold   . . .        f - +0 buckler
rNeg    . . .        a - +0 robe
rPois   .            r - +1 hat
rElec   .            (no cloak)
rCorr   .            e - +1 pair of gloves {Stlth+}
SInv    .            (no boots)
Will    .....        (no amulet)
Stlth   +++          (no ring)
HPRegen 0.24/turn    (no ring)
MPRegen 0.13/turn

%: no passive effects
@: no status effects
A: no striking features
a: no special abilities


You were on level 3 of the Dungeon.
You visited 1 branch of the dungeon, and saw 3 of its levels.

You collected 114 gold pieces.

Inventory:

Hand Weapons
 h - a +1 spectral falchion (weapon)
Armour
 a - a +0 robe (worn)
 e - a +1 pair of gloves of stealth (worn)
 f - a +0 buckler (worn)
 r - a +1 hat (worn)
Jewellery
 n - a ring of protection from cold
 o - an amulet of the acrobat
Scrolls
 d - a scroll of poison {unknown}
 g - a scroll of fog
 i - a scroll of torment
 j - a scroll of identify
 k - 2 scrolls of summoning {unknown}
 l - a scroll of magic mapping {unknown}
Potions
 c - a potion of might
 p - a potion of cancellation


   Skills:
 + Level 3.7 Dodging
 + Level 3.9 Stealth
 + Level 4.2 Spellcasting
 + Level 5.0 Conjurations


You had 7 spell levels left.
You knew the following spells:

 Your Spells              Type           Power      Damage    Failure   Level
a - Magic Dart            Conj           100%       1d8       2%          1
b - Foxfire               Conj/Fire      72%        2x1d7     6%          1
c - Searing Ray           Conj           60%        2d6       3%          2

Your spell library contained the following spells:

 Spells                   Type           Power      Damage    Failure   Level
 Beastly Appendage        Tmut           10%        N/A       19%         1
 Dazzling Flash           Conj/Hex       36%        N/A       19%         3
 Wereblood                Tmut           5%         N/A       28%         2
 Spider Form              Tmut/Pois      5%         N/A       50%         3
 Fulminant Prism          Conj/Hex       9%         3d7       54%         4
 Iskenderun's Mystic Bla  Conj/Tloc      18%        2d6       54%         4


Dungeon Overview and Level Annotations

Branches:
Dungeon (3/15)

Altars:

Shops:
D:1 (


Message History

The goblin misses you. You block the goblin's attack. Robin barely misses you.
The goblin hits you but does no damage. The goblin barely misses you.
You hit Robin.
Robin is almost dead.
Your +1 spectral falchion hits Robin but does no damage.
The goblin no longer looks unusually strong.
The goblin hits you with a +0 club.
Robin hits your +1 spectral falchion with a +0 spear.
Your spectral weapon shares its damage with you!
The goblin closely misses you.
You hit Robin but do no damage.
Robin is almost dead.
Your +1 spectral falchion barely misses Robin.
You block the goblin's attack. The goblin hits you but does no damage.
You hit Robin.
You kill Robin!
Your +1 spectral falchion disappears.
The goblin hits you with a +0 club.
* * * LOW HITPOINT WARNING * * *
The goblin misses you.
The goblin hits you but does no damage. x2
Found a leather armour and a potion of flight.
You block the goblin's attack. The goblin misses you.
Items here: )) [[ †.
You hit the goblin.
The goblin is moderately wounded.
Your +1 spectral falchion closely misses the goblin.
You block the goblin's attack. The goblin hits you with a +0 dagger.
* * * LOW HITPOINT WARNING * * *
You closely miss the goblin.
The goblin is moderately wounded.
Your +1 spectral falchion closely misses the goblin.
The goblin hits you with a +0 club.
* * * LOW HITPOINT WARNING * * *
The goblin hits you with a +0 dagger.
* * * LOW HITPOINT WARNING * * *
You block the goblin's attack. The goblin completely misses you.
Magic courses through your body.
Your +1 spectral falchion disappears.
The goblin hits you with a +0 club.
You die...

.##.# !.... #.#.#.
########## ......####
#......... #.#.#....#
#.#.#.#.#. [.....#..#
###.......#.
#.#.#....#
#...#.#.#... .....#@.#
#...........
#[...gg####...#.#.#.#.
######)).##.#.......#.
###.##.######.^..
#.)..# ##### ######


You could see 2 goblins.

Vanquished Creatures
  Terence (D:3)
  Robin (D:3)
  3 adders
  A dart slug (D:3)
  3 bats (D:3)
  2 endoplasms (D:1)
  A giant cockroach (D:1)
  10 goblins
  8 hobgoblins
  4 quokkas (D:1)
  5 ball pythons
  7 frilled lizards
  3 kobolds
  5 rats
54 creatures vanquished.

Notes
Turn   | Place    | Note
-------+----------+-------------------------------------------
     0 | D:1      | ChiefBigBeans the Deep Elf Conjurer began the quest for the
                  | Orb.
     0 | D:1      | Reached XP level 1. HP: 10/10 MP: 6/6
   349 | D:1      | Reached XP level 2. HP: 9/15 MP: 2/8
   457 | D:1      | Found Wacawiyrr's Antique Weapon Shop.
   938 | D:1      | Found a faded altar of an unknown god.
   943 | D:1      | Got Plato's Teachings on Outbursts
   946 | D:1      | Learned a level 1 spell: Foxfire
   949 | D:1      | Learned a level 2 spell: Searing Ray
  1200 | D:2      | Reached XP level 3. HP: 19/19 MP: 5/10
  2364 | D:3      | Noticed Terence
  2376 | D:3      | Killed Terence
  2377 | D:3      | Reached XP level 4. HP: 14/24 MP: 0/12
  2653 | D:3      | Reached skill level 5 in Conjurations
  2718 | D:3      | Noticed Robin
  2738 | D:3      | Killed Robin
  2741 | D:3      | HP: 1/24 [goblin/+0 dagger[Robin] (1)]
  2742 | D:3      | Slain by a goblin

Illustrated notes

Levels and vault maps discovered:
D:1:      dpeg_arrival_simpleton_a, layout_basic,
          shapermc_ecumenical_altar_rom_forum, serial_shops,
          nicolae_shop_dealshenge
D:2:      layout_basic, roderic_roman_lattice
D:3:      layout_basic, serial_glass, glass_columns_b, glass_columns_b,
          glass_columns_b, glass_columns_a, glass_columns_a, glass_columns_b,
          uniq_terence, uniq_robin

Skill      XL: |  1  2  3  4 |
---------------+-------------+-----
Stealth        | 3 |  3.9
Dodging        | 3 |  3.7
Spellcasting   | 4 |  4.2
Conjurations   | 5 |  5.0

Action                     |  1- 3 |  4- 6 || total
---------------------------+-------+-------++-------
  Melee: Falchion          |     5 |    18 ||    23
   Cast: Magic Dart        |    89 |    24 ||   113
    Use: Potion            |     6 |     1 ||     7
         Scroll            |     5 |       ||     5
 Armour: Robe              |     1 |    12 ||    13
  Dodge: Dodged            |    14 |    31 ||    45
  Block: Buckler           |     2 |    11 ||    13
